Map: Terraformation EC (Void)

Players

SpiderRex

  • Race: Zerg Zerg
  • League: Diamond

zuka - Winner!

  • Race: Protoss Protoss
  • League: Diamond

VOD

Have the link to the VOD?

Description

Time

  • Played on: Aug. 12, 2015, 3:21 a.m.
  • Length: 6:42
Show
View Real Time Build Order
Export as new Build Order

SpiderRex Zerg 

Build Orders: Hatch First 

Get SALT Encoding   

  12  0:01  Drone  
  13  0:09  Drone  
  14  0:17  Overlord  
  14  0:23  Extractor  
  14  0:24  Drone  
  15  0:35  Drone x2  
  17  0:55  Hatchery  
  16  0:57  Drone  
  16  1:01  Drone  
  18  1:07  Drone  
  18  1:09  Extractor  
  18  1:22  Drone, Spawning Pool  
  18  1:28  Drone  
  19  1:39  Overlord  
  19  1:49  Drone  
  20  2:00  Drone  
  21  2:08  Drone  
  21  2:09  Queen x2  
  21  2:12  Metabolic Boost  
  26  2:17  Zergling x2  
  26  2:22  Zergling x4  
  29  2:25  Spine Crawler  
  29  2:29  Zergling x2  
  29  2:35  Zergling x2  
  30  2:42  Zergling x2  
  31  2:51  Queen  
  31  2:53  Overlord  
  31  2:54  Drone  
  34  3:00  Drone  
  34  3:05  Pneumatized Carapace  
  36  3:22  Drone  
  36  3:23  Drone x7  
  36  3:25  Overlord  
  44  3:38  Overlord  
  43  3:43  Queen  
  45  3:56  Hatchery  
  44  4:03  Zergling x2  
  44  4:04  Zergling x10  
  50  4:12  Zergling x6  
  50  4:13  Zergling x4  
  55  4:17  Evolution Chamber  
  54  4:25  Evolution Chamber, Drone x4  
  54  4:27  Drone  
  58  4:34  Drone  
  59  4:41  Overlord x2  
  59  4:50  Overlord  
  59  4:54  Overlord  
  59  4:58  Queen  
  61  5:00  Overlord  
  61  5:01  Drone  
  61  5:02  Drone x3  
  64  5:14  Extractor  
  64  5:15  Drone, Roach Warren  
  64  5:16  Drone x4  
  67  5:21  Overlord  
  67  5:22  Drone  
  67  5:23  Drone  
  69  5:31  Extractor  
  69  5:33  Spine Crawler  
  67  5:36  Drone x2  
  69  5:48  Zergling x4  
  69  5:49  Zergling x14  
  77  5:53  Zergling x2  
  73  5:59  Zergling x2  
  73  6:01  Roach  
  73  6:02  Roach  
  71  6:04  Roach  
  71  6:07  Roach  
  71  6:12  Roach  
  71  6:17  Roach x2  
  69  6:21  Roach  
Show
View Real Time Build Order
Export as new Build Order

zuka Protoss - Winner!

Build Orders:  

Get SALT Encoding   

  13  0:10  Pylon  
  13  0:14  Probe  
  13  0:28  Gateway  
  13  0:31  Probe (Chrono Boost)  
  14  0:41  Probe (Chrono Boost), Assimilator  
  15  0:48  Probe  
  16  0:56  Gateway  
  16  1:00  Probe  
  17  1:12  Probe  
  17  1:16  Cybernetics Core  
  18  1:24  Probe  
  19  1:27  Pylon  
  19  1:36  Probe  
  19  1:37  Assimilator  
  20  1:48  Probe  
  20  1:52  Adept (Chrono Boost)  
  20  1:53  Adept (Chrono Boost)  
  25  2:00  Probe  
  26  2:04  Warp Gate (Chrono Boost)  
  26  2:13  Probe  
  27  2:30  Nexus  
  27  2:35  Pylon  
  27  2:40  Mothership Core (Chrono Boost)  
  29  3:01  Probe (Chrono Boost)  
  30  3:07  Probe (Chrono Boost), Robotics Facility  
  30  3:11  Gateway  
  31  3:18  Probe  
  31  3:19  Gateway  
  32  3:30  Probe  
  32  3:32  Pylon  
  33  3:42  Probe  
  34  3:49  Pylon  
  34  3:51  Probe  
  34  3:54  Probe, Warp Prism (Chrono Boost)  
  38  4:03  Probe  
  38  4:07  Probe  
  38  4:09  Adept  
  42  4:10  Adept  
  44  4:23  Immortal (Chrono Boost)  
  48  4:26  Probe x2  
  50  4:32  Gateway  
  50  4:37  Gateway  
  50  4:42  Gateway  
  50  4:56  Immortal (Chrono Boost)  
  50  4:59  Adept  
  56  5:00  Adept  
  56  5:04  Adept  
  56  5:06  Adept  
  62  5:09  Pylon  
  62  5:21  Adept x2  
  66  5:31  Observer (Chrono Boost)  
  66  5:34  Stalker x2  
  71  5:41  Stalker  
  73  5:43  Adept  
  75  5:53  Adept  
  75  5:55  Zealot  
  75  6:08  Pylon  
  75  6:11  Zealot x3  
  71  6:14  Zealot  
  71  6:18  Zealot x2  
  65  6:32  Zealot x3  
Tags
 
Add a new tag
Caveats
  • Supply blocks, unpowered buildings, or Contaminate may cause inaccurate times.
  • Supply counts are checked every 10 seconds.